 Dungeon Crawl Stone Soup version 0.31.0-12-g77e489cdc1 (webtiles) character file.

Game seed: 9470569232251724058

2046661 ChadusMaximus the Planerender (level 27, 199/199 HPs)
             Began as a Barachi Summoner on Mar 6, 2024.
             Was a High Priest of Hepliaklqana.
             Escaped with the Orb
             ... and 4 runes!
             The game lasted 03:21:02 (91584 turns).

ChadusMaximus the Planerender (Barachi Summoner)   Turns: 91584, Time: 03:21:02

Health: 199/199    AC: 21    Str: 13      XL:     27
Magic:  48/48      EV: 25    Int: 33 (34) God:    Hepliaklqana [*****.]
Gold:   6394       SH: 11    Dex: 17      Spells: 22/80 levels left

rFire   + + .        a - +8 falchion "Sarcophage" {freeze, rPois}
rCold   + + .        A - +3 buckler {AC+3}
rNeg    + + +        O - +5 ring mail {rF+}
rPois   +            n - +2 helmet {Int+3}
rElec   .            d - scarf {repulsion}
rCorr   .            Q - +2 pair of gloves of the Yeti {rPois rN++ Str+3}
SInv    .            z - +1 pair of boots "Ypean" {Will++}
Will    +++++        g - amulet "Zasonno" {rF+ rC+ Regen+}
Stlth   +            o - ring of Pasyuch {rN+ Will+ Int+4}
HPRegen 1.33/turn    V - ring of Kuson {rPois rF+ Slay+4}
MPRegen 0.31/turn

%: repel missiles
@: unable to hop, studying 4 skills, slow
A: reduced essence, amphibious, slowness 1, strong legs 2, +LOS, agile 1, cold
resistance 1, frail 1, low MP 1, sense surroundings 1, screaming 2, inhibited
regeneration, heat vulnerability 1, inability to drink after injury 2, noise
suppression
0: Orb of Zot
}: 4/15 runes: barnacled, slimy, silver, gossamer
a: Hop, Renounce Religion, Recall Ancestor, Ancestor Identity, Transference,
Idealise


You escaped.
You worshipped Hepliaklqana.
Hepliaklqana was extremely pleased with you.
You visited 12 branches of the dungeon, and saw 54 of its levels.
You also visited: Ice Cave, Volcano and Wizlab.

You collected 9559 gold pieces.
You spent 3165 gold pieces at shops.

Inventory:

Hand Weapons
 a - the +8 falchion "Sarcophage" (weapon) {freeze, rPois}
   (You found it on level 5 of the Pits of Slime)

   rPois:     It protects you from poison
Armour
 d - a scarf of repulsion (worn)
 n - a +2 helmet of intelligence (worn)
 s - a +10 plate armour of ponderousness
 z - the +1 pair of boots "Ypean" (worn) {Will++}
   (You acquired it on level 5 of the Vaults)

   Will++:    It greatly increases your willpower.
 A - a +3 buckler of protection (worn)
 O - a +5 ring mail of fire resistance (worn)
 Q - the +2 pair of gloves of the Yeti (worn) {rPois rN++ Str+3}
   (You found it on level 13 of the Dungeon)

   Str+3:     It affects your strength (+3).
   rPois:     It protects you from poison rN++: It greatly protects you from
   negative energy.
Jewellery
 f - a ring of resist corrosion
 g - the amulet "Zasonno" (around neck) {rF+ rC+ Regen+}
   (You took it off a deep elf sorcerer on level 3 of the Elven Halls)

   [amulet of regeneration]

   rF+:       It protects you from fire.
   rC+:       It protects you from cold.
   Regen+:    It increases your rate of health regeneration.
 o - the ring of Pasyuch (left hand) {rN+ Will+ Int+4}
   (You found it on level 4 of the Shoals)

   [ring of willpower]

   Int+4:     It affects your intelligence (+4).
   rN+:       It protects you from negative energy.
   Will+:     It increases your willpower.
 y - an amulet of the acrobat
 B - an amulet of magic regeneration
 L - a ring of protection from fire
 R - a +6 ring of intelligence
 S - the ring "Enwyedd" {Fly rElec Str-4 Int+5}
   (You found it on level 5 of the Pits of Slime)

   [ring of flight]

   Str-4:     It affects your strength (-4).
   Int+5:     It affects your intelligence (+5).
   rElec:     It insulates you from electricity.
   Fly:       It grants you flight.
 V - the ring of Kuson (right hand) {rPois rF+ Slay+4}
   (You took it off a tengu conjurer on level 8 of the Dungeon)

   [ring of slaying]

   Slay+4:    It affects your accuracy & damage with ranged weapons and melee
   (+4).
   rF+:       It protects you from fire.
   rPois:     It protects you from poison
 Y - a +6 ring of intelligence
Wands
 P - a wand of digging (11)
 T - a wand of mindburst (25)
Scrolls
 h - 15 scrolls of amnesia
 j - 11 scrolls of poison
 r - 16 scrolls of teleportation
 v - 7 scrolls of enchant armour
 w - 7 scrolls of vulnerability
 C - 10 scrolls of fear
 E - 9 scrolls of immolation
 F - 4 scrolls of butterflies
 H - 6 scrolls of silence
 I - 6 scrolls of blinking
 J - 13 scrolls of fog
 N - 14 scrolls of enchant weapon
 U - 12 scrolls of noise
 W - 2 scrolls of brand weapon
 X - 3 scrolls of torment
 Z - 3 scrolls of revelation
Potions
 b - 6 potions of magic
 c - 26 potions of curing
 e - 6 potions of enlightenment
 i - 9 potions of invisibility
 k - 13 potions of attraction
 l - 10 potions of ambrosia
 m - 11 potions of brilliance
 p - 8 potions of lignification
 q - 5 potions of cancellation
 t - 8 potions of haste
 u - 6 potions of might
 x - 4 potions of degeneration
 G - 7 potions of resistance
 K - 4 potions of mutation
 M - a potion of berserk rage


   Skills:
 O Level 27 Fighting
 - Level 17.0 Long Blades
 * Level 26.6 Dodging
 - Level 1.7 Stealth
 - Level 13.4 Shields
 O Level 27 Spellcasting
 O Level 27 Summonings
 - Level 13.4 Invocations


You had 22 spell levels left.
You knew the following spells:

 Your Spells              Type           Power      Damage    Failure   Level
a - Monstrous Menagerie   Summ           61%        N/A       0%          7
b - Call Canine Familiar  Summ           100%       N/A       0%          3
c - Dragon's Call         Summ           61%        N/A       1%          9
d - Summon Lightning Spi  Summ/Air       93%        N/A       1%          4
e - Summon Horrible Thin  Summ           61%        N/A       1%          8
f - Martyr's Knell        Necr/Summ      93%        N/A       1%          4
g - Summon Ice Beast      Ice/Summ       93%        N/A       0%          3
h - Summon Cactus Giant   Summ           61%        N/A       0%          6
i - Summon Hydra          Summ           61%        N/A       0%          7
j - Malign Gateway        Summ/Tloc      46%        N/A       4%          7

Your spell library contained the following spells:

 Spells                   Type           Power      Damage    Failure   Level
 Summon Small Mammal      Summ           100%       N/A       0%          1
 Call Imp                 Summ           100%       N/A       0%          2
 Foxfire                  Conj/Fire      100%       2x1d9     1%          1
 Freeze                   Ice            100%       1d10      1%          1
 Magic Dart               Conj           100%       1d8       1%          1
 Necrotise                Necr           100%       1d9       1%          1
 Sandblast                Erth           88%        2d18      1%          1
 Shock                    Conj/Air       100%       1d9       1%          1
 Slow                     Hex            100%       N/A       1%          1
 Sting                    Conj/Alch      100%       1d9       1%          1
 Blink                    Tloc           88%        N/A       1%          2
 Cigotuvi's Dreadful Rot  Necr/Alch/Air  88%        N/A       1%          2
 Ensorcelled Hibernation  Hex/Ice        88%        N/A       1%          2
 Lesser Beckoning         Tloc           88%        N/A       1%          2
 Mercury Vapours          Alch/Air       88%        N/A       1%          2
 Momentum Strike          Conj/Tloc      88%        3d10      1%          2
 Scorch                   Fire           88%        2d8       1%          2
 Searing Ray              Conj           88%        2d7       1%          2
 Static Discharge         Conj/Air       88%        3-7/arc   1%          2
 Sublimation of Blood     Necr           44%        N/A       1%          2
 Summon Blazeheart Golem  Fire/Summ      93%        N/A       1%          4
 Summon Mana Viper        Hex/Summ       93%        N/A       1%          5
 Confusing Touch          Hex            44%        N/A       3%          3
 Dazzling Flash           Conj/Hex       88%        N/A       3%          3
 Frozen Ramparts          Ice            88%        1d14      3%          3
 Fugue of the Fallen      Necr           44%        N/A       3%          3
 Gell's Gravitas          Tloc           44%        N/A       3%          3
 Hailstorm                Conj/Ice       44%        3d9       3%          3
 Inner Flame              Hex/Fire       44%        N/A       3%          3
 Mephitic Cloud           Conj/Alch/Air  44%        N/A       3%          3
 Ozocubu's Armour         Ice            44%        N/A       3%          3
 Passwall                 Erth           44%        N/A       3%          3
 Sigil of Binding         Hex            44%        N/A       3%          3
 Stone Arrow              Conj/Erth      88%        3d12      3%          3
 Swiftness                Air            44%        N/A       3%          3
 Teleport Other           Tloc           44%        N/A       3%          3
 Vampiric Draining        Necr           44%        2d9       3%          3
 Volatile Blastmotes      Fire/Tloc      88%        2d17      3%          3
 Haunt                    Necr/Summ      46%        N/A       4%          7
 Spellforged Servitor     Conj/Summ      46%        N/A       4%          7
 Airstrike                Air            22%        2d(4-20)  13%         4
 Animate Dead             Necr           44%        N/A       13%         4
 Brom's Barrelling Bould  Conj/Erth      44%        2d6       13%         4
 Cause Fear               Hex            22%        N/A       13%         4
 Dimensional Bullseye     Hex/Tloc       22%        N/A       13%         4
 Dispel Undead            Necr           44%        3d17      13%         4
 Flame Wave               Conj/Fire      44%        2d11      13%         4
 Fulminant Prism          Conj/Alch      22%        3d12      13%         4
 Ignite Poison            Fire/Alch      44%        N/A       13%         4
 Iskenderun's Mystic Bla  Conj/Tloc      44%        2d10      13%         4
 Leda's Liquefaction      Alch/Erth      22%        N/A       13%         4
 Manifold Assault         Tloc           44%        N/A       13%         4
 Olgreb's Toxic Radiance  Alch           44%        N/A       13%         4
 Petrify                  Alch/Erth      44%        N/A       13%         4
 Sticky Flame             Fire/Alch      44%        2d8       13%         4
 Vhi's Electric Charge    Tloc/Air       88%        N/A       13%         4
 Arcjolt                  Conj/Air       22%        1d32      34%         5
 Curse of Agony           Necr           44%        N/A       34%         5
 Fireball                 Conj/Fire      22%        3d10      34%         5
 Irradiate                Conj/Alch      22%        3d19      34%         5
 Iskenderun's Battlesphe  Conj           44%        2d10      34%         5
 Lee's Rapid Deconstruct  Erth           22%        3d12*     34%         5
 Metabolic Englaciation   Hex/Ice        22%        N/A       34%         5
 Silence                  Hex/Air        22%        N/A       34%         5
 Bombard                  Conj/Erth      22%        9d4       89%         6
 Conjure Ball Lightning   Conj/Air       22%        3x3d6     89%         6
 Death Channel            Necr           22%        N/A       89%         6
 Dispersal                Tloc           22%        N/A       89%         6
 Plasma Beam              Fire/Air       22%        2x1d34    89%         6
 Sculpt Simulacrum        Ice/Alch       22%        N/A       89%         6
 Starburst                Conj/Fire      22%        6d7       89%         6
 Orb of Destruction       Conj           22%        9d8       100%        7
 Ozocubu's Refrigeration  Ice            22%        4d12      100%        7
 Borgnjor's Revivificati  Necr           22%        N/A       100%        8
 Discord                  Hex            22%        N/A       100%        8
 Disjunction              Tloc           22%        N/A       100%        8
 Ignition                 Fire           22%        3d8       100%        8
 Infestation              Necr           22%        N/A       100%        8
 Maxwell's Capacitive Co  Air            22%        ∞         100%        8
 Death's Door             Necr           22%        N/A       100%        9
 Fire Storm               Conj/Fire      22%        8d6       100%        9
 Polar Vortex             Ice            22%        12d2*     100%        9


Dungeon Overview and Level Annotations

Branches:
Dungeon (15/15)            Temple (1/1) D:4            Lair (5/5) D:11
 Shoals (4/4) Lair:3       Spider (4/4) Lair:3        Slime (5/5) Lair:5
    Orc (2/2) D:11            Elf (3/3) Orc:2        Vaults (5/5) D:14
  Crypt (1/3) Vaults:2     Depths (4/4) D:15            Zot (5/5) Depths:4
  IceCv (visited)         Volcano (visited)          WizLab (visited)

Altars:
Ashenzari
Cheibriados
Dithmenos
Elyvilon
Fedhas
Gozag
Hepliaklqana
Kikubaaqudgha
Makhleb
Nemelex Xobeh
Okawaru
Qazlal
Ru
Sif Muna
Trog
Uskayaw
Vehumet
Wu Jian
Xom
Yredelemnul
Zin
The Shining One
Jiyva

Shops:
D:13 :   Orc:2 *??!   Elf:1 :   Elf:3 **:[   Shoals:2 !   Shoals:3 [
Depths:4 =

Portals:
Hell: Depths:1 Depths:2 Depths:3 Depths:4
Abyss: Depths:3
Pandemonium: Depths:2
Ziggurat: Depths:2

Annotations:
Elf:1 5 transporters
Vaults:1 exclusion: player ghost


Innate Abilities, Weirdness & Mutations

Your life essence is reduced to manifest your ancestor. (-10% HP)
You are amphibious.
You cover ground slowly.
You can hop long distances.
You have an extended range of vision and can be seen from far away.
You are agile. (Dex +4, Str/Int -1)
Your flesh is cold resistant. (rC+)
You are frail. (-10% HP)
Your magical capacity is low. (-10% MP)
You passively map a small area around you.
You frequently scream uncontrollably at your foes.
You do not regenerate when monsters are visible.
You are vulnerable to heat. (rF-)
You sometimes lose the ability to drink potions when taking damage.
You passively dampen the noise of your surroundings.


Message History

Casting: Summon Horrible Things (mildly dangerous; 1% risk of failure)
Confirm with . or Enter, or press ? or * to list all spells.
Something hits your large abomination but does no damage. x2 Æðelind is recalled.
Your large abomination hits the Hell Sentinel but does no damage.
Press: ? - help, . - travel You can't see that place. [a rock wall.]
You swap places.
Something barely misses your large abomination.
Something hits your large abomination but does no damage.
Something hits your large abomination but does no damage. x2
Something hits your large abomination!!
Something completely misses your large abomination.
You see here a +0 club.
Unknown command.
Hop to where?
Press: ? - help, Dir - move target Boing!
You swap places.
Your large abomination hits the Hell Sentinel.
The Hell Sentinel hits your large abomination!!
Your large abomination is destroyed!
Your large abomination disappears in a puff of smoke!
A Hell Sentinel is nearby!
As you read the scroll of teleportation, it crumbles to dust.
You feel strangely unstable.
You feel the Orb delaying your translocation!
The Hell Sentinel hits your large abomination! x2
Your large abomination is destroyed!
Your large abomination disappears in a puff of smoke!
Your large abomination hits the Hell Sentinel but does no damage.
Your large abomination disappears in a puff of smoke!
Your large abomination disappears in a puff of smoke!
Your surroundings suddenly seem different.
Magic restored.
There is an open door here.
There is a staircase leading out of the dungeon here.
You can't go down here!
You have escaped!

#####.#############
#.#.#.#.# #.#...#...#...#
#.##...## #.R.8.#.8...8.#
#.###.## #.#...#..R#...#
#.....##
#####.##.###.###.##
#..##..# #.....##.# #.# #.#
#...##.#
#.######.###.###.##
#.##...# #.# #...#...#.R.#
#..##.## #.# #.8.#.8.#.@.#
#.....# #.# #...#...#...#
#####.# #.# ##.###.###.##
#.# #.# #.# #.# #.# #.# #.#
##.###.###.## #.# ..#
#...#...#...### #.# .###
#.8...8.#.8.'.# #.# .#.##
#...#...#...#.# #.#
..#.###############.#####.#


You could see the friendly Æðelind the knight (reflecting).

Vanquished Creatures
  Dissolution (Slime:4)
  A Killer Klown (Zot:5)
  3 golden dragons
  2 electric golems
  6 tentacled monstrosities
  3 Orb Guardians
  An acid blob (Slime:5)
  5 death cobs
  A kraken (Shoals:4)
  2 quicksilver dragons
  Aizul (Spider:2)
  A shadow dragon (Depths:3)
  Roxanne (Elf:1)
  5 storm dragons
  A tengu reaver (Depths:2)
  A rockslime (Slime:5)
  A fire giant (Depths:2)
  A broodmother (Zot:1)
  An orc warlord (Vaults:3)
  2 formless jellyfish (Vaults:1)
  An ironbound thunderhulk (Vaults:3)
  2 stone giants
  A deep elf annihilator (Elf:3)
  A purple draconian (Zot:5)
  A black draconian (Zot:1)
  A green draconian (Zot:2)
  A merfolk impaler (Shoals:4)
  2 ettins (Depths:2)
  2 spriggan air magi
  5 vault guards
  A death yak (Lair:3)
  5 dancing weapons
  A tengu warrior (Depths:3)
  A pharaoh ant (Spider:4)
  2 deep elf knights (Elf:1)
  2 sea snakes (Shoals:3)
  A sea snake (shapeshifter) (Elf:2)
  A flayed ghost (Vaults:5)
  A lindwurm (Vaults:3)
  A glowing orange brain (D:15)
  Pikel (D:4)
  3 harpies (Vaults:2)
  A wolf spider (Spider:4)
  A deep elf archer (Elf:2)
  4 phantasmal warriors
  2 ironbound convokers (Vaults:4)
  2 deep elf pyromancers
  6 deep elf zephyrmancers
  2 cyclopes
  3 manticores
  2 orc sorcerers
  A merfolk siren (Shoals:4)
  2 black mambas (Lair:5)
  12 moths of wrath
  A vault sentinel (Vaults:1)
  2 cane toads
  3 centaur skeletons (D:14)
  A komodo dragon (Lair:4)
  An elf skeleton (Vaults:2)
  A troll (Orc:1)
  2 merfolk (Shoals:4)
  A polar bear (Lair:5)
  A wind drake (Shoals:3)
  A tarantella (Spider:4)
  2 blink frogs
  2 snapping turtles
  6 slime creatures
  2 spriggans (Lair:5)
  A jumping spider (Spider:4)
  A shadow (D:11)
  A culicivora (Spider:3)
  3 fire elementals
  A warg (Orc:1)
  2 wraiths (D:8)
  A wyvern (D:9)
  3 water elementals
  7 yaks
  3 redbacks
  A basilisk (Lair:3)
  An acid dragon (D:9)
  2 hell hounds
  A sky beast (D:8)
  An orc warrior (Orc:1)
  4 ice beasts
  2 black bears
  12 wolves
  2 centaurs
  An ogre (Orc:2)
  A laughing skull (WizLab)
  A phantom (D:7)
  4 bullfrogs
  3 scorpions
  A gnoll sergeant (D:5)
  A deep troll simulacrum (IceCv)
  An earth elemental (Elf:1)
  2 killer bees
  4 howler monkeys
  An electric eel (Lair:3)
  3 hounds
  6 orc priests
  A gnoll bouda (D:8)
  3 iguanas
  Natasha (twice) (D:2)
  8 orc wizards
  A centaur simulacrum (D:7)
  5 gnolls
  6 adders (D:6)
  A white imp (D:7)
  A dart slug (D:1)
  16 orcs
  7 ball pythons
  7 bats
  3 endoplasms
  6 giant cockroaches
  5 goblins
  5 hobgoblins
  2 jackals (D:3)
  7 kobolds
  A quokka (D:4)
  5 frilled lizards
  6 rats
317 creatures vanquished.

Vanquished Creatures (collateral kills)
  the Royal Jelly (Slime:5)
  6 dread liches
  An ancient lich (Zot:5)
  8 orbs of fire
  5 juggernauts
  Boris (twice) (Depths:1 Depths:2)
  The ghost of Icycared the Slayer, a master GrFi of Okawaru (Zot:4)
  4 Killer Klowns
  Bai Suzhen (Spider:4)
  4 curse toes
  7 golden dragons
  Arachne (Spider:3)
  3 electric golems (Zot:5)
  Jorgrun (Orc:1)
  17 tentacled monstrosities
  9 liches
  Rupert (D:13)
  A walking earthen tome (Depths:3)
  6 titans
  25 Orb Guardians
  A walking crystal tome (Depths:3)
  3 quicksilver dragons
  4 sphinxes
  The ghost of Kare Xaoge the Bludgeoner, an adept DgSh (Vaults:1)
  2 deep elf blademasters (Elf:3)
  9 death cobs
  Frances (Elf:1)
  3 eldritch tentacles
  29 acid blobs
  2 Executioners
  The ghost of snadeaben the Severer, an adept MiFi of Lugonu (Spider:4)
  5 tengu reavers
  7 shadow dragons
  3 krakens
  An ancient champion (Vaults:2)
  3 revenants (WizLab)
  9 storm dragons
  Ilsuiw (Shoals:2)
  13 draconian monks
  4 protean progenitors
  16 rockslimes
  18 fire giants
  10 azure jellies
  8 draconian scorchers
  2 draconian shifters
  9 draconian knights
  10 deep elf sorcerers
  Louise (Spider:2)
  7 frost giants
  5 emperor scorpions
  3 iron dragons
  12 vault wardens
  6 ghost moths
  A caustic shrike zombie (WizLab)
  A spectral caustic shrike (WizLab)
  7 deep elf elementalists (Elf:3)
  A balrug (Depths:1)
  A broodmother (Zot:1)
  4 draconian stormcallers
  3 orc warlords
  6 draconian annihilators
  3 spriggan defenders (Depths:3)
  14 formless jellyfish
  13 quicksilver oozes
  18 ironbound preservers
  21 very ugly things
  7 ironbound thunderhulks
  11 green draconians
  14 stone giants
  2 vampire knights (Depths:2)
  The ghost of MasterdooM the Severer, a journeyman MiBe of Trog (Spider:1)
  2 deep elf demonologists (Elf:3)
  12 black draconians
  9 deep elf death magi
  4 deep elf annihilators
  12 red draconians
  9 dire elephants
  7 spark wasps
  4 halazid warlocks (WizLab)
  2 lorocyprocas
  The ghost of Sheol the Warrior, a journeyman MiBe of Trog (D:13)
  2 bunyips (Zot:1)
  A demonspawn black sun (D:11)
  4 war gargoyles
  19 white draconians
  A spectral titan (WizLab)
  11 yellow draconians
  13 purple draconians
  3 blizzard demons
  4 merfolk javelineers (Shoals:4)
  8 ettins
  2 eidola (WizLab)
  6 merfolk impalers
  2 quicksilver dragon zombies
  3 jiangshi
  3 deep elf high priests (Elf:3)
  2 crystal guardians (Vaults:4)
  5 entropy weavers
  11 yaktaur captains
  8 rakshasas
  2 spectral quicksilver dragons (WizLab)
  15 fire dragons
  11 ice dragons
  30 vault guards
  7 great orbs of eyes
  6 spriggan air magi
  6 ogre magi
  2 spriggan skeletons (Depths:1)
  3 peacekeepers
  2 hydras
  Erolcha (Orc:1)
  2 merfolk avatars
  7 merfolk aquamancers
  6 ironbound frosthearts
  2 jorogumos (Spider:4)
  A sphinx zombie (Depths:1)
  16 centaur warriors
  2 radroaches (Spider:4)
  3 alligator snapping turtles (Shoals:4)
  A death knight (D:13)
  16 boulder beetles
  8 deep troll shamans
  A hell hog (Depths:1)
  2 sphinx skeletons
  A satyr (Shoals:4)
  8 demonic crawlers
  11 death yaks
  20 two-headed ogres
  Urug (D:13)
  An occultist (Depths:1)
  4 tengu warriors
  25 dancing weapons
  A spriggan berserker (Depths:4)
  3 vampire magi
  3 orc high priests
  14 deep troll earth magi
  A titan zombie (WizLab)
  A storm dragon zombie (Depths:1)
  A death scarab (Spider:1)
  A spectral emperor scorpion (Spider:1)
  Sonja (Lair:1)
  9 hell knights
  28 deep elf knights
  A soul eater (Depths:1)
  Nergalle (D:11)
  A shadow wraith (WizLab)
  8 iron trolls
  6 pharaoh ants
  12 skeletal warriors
  A shining eye (shapeshifter) (Vaults:5)
  4 sun demons
  A spectral ghost moth (Spider:1)
  7 sea snakes
  A spectral spark wasp (WizLab)
  2 spark wasp zombies (WizLab)
  2 golden dragon zombies (Depths:1)
  4 skysharks
  11 orb spiders
  A deep troll (shapeshifter) (Vaults:5)
  49 deep trolls
  4 glowing orange brains
  2 flayed ghosts
  A sun moth (Spider:4)
  6 arcanists
  A mana viper (shapeshifter) (Depths:3)
  A bog body (IceCv)
  10 spriggan simulacra (IceCv)
  5 steelbarb worms
  4 lindwurms
  5 harpies (Shoals:4)
  An obsidian statue (IceCv)
  3 phantasmal warriors
  3 spectral jorogumos (Spider:1)
  18 ironbound convokers
  16 deep elf archers
  20 deep elf zephyrmancers
  40 ugly things
  7 orc knights
  A large abomination (D:14)
  7 necromancers
  A knight (Zot:1)
  13 shining eyes
  2 spectral radroaches (Spider:1)
  2 stone giant zombies (Depths:1)
  16 moths of wrath
  4 fauns (Shoals:3)
  34 deep elf pyromancers
  2 orc sorcerers (Orc:1)
  3 cyclopes
  A tengu skeleton (Vaults:2)
  29 wolf spiders
  20 manticores
  A fire giant zombie (Depths:2)
  A moth of wrath (shapeshifter) (Depths:2)
  4 black mambas
  An iron dragon skeleton (Depths:2)
  10 meliai
  5 human skeletons (Vaults:2)
  5 kobold blastminers (Orc:1)
  2 merfolk sirens (Shoals:2)
  A fire giant skeleton (Depths:1)
  A stone giant skeleton (Vaults:2)
  5 smoke demons (Depths:1)
  The ghost of dertzug the Covered, a novice AtFi (D:7)
  6 elephants (Lair:2)
  14 vault sentinels
  5 water nymphs
  8 torpor snails
  An emperor scorpion simulacrum (Spider:1)
  2 gargoyles
  4 eyes of devastation
  A centaur skeleton (D:14)
  A hellion (Depths:1)
  3 rime drakes
  10 cane toads
  2 unseen horrors (D:10)
  A kobold demonologist (D:12)
  Jeremiah (D:7)
  21 yaktaurs
  8 komodo dragons
  7 freezing wraiths
  A ghost moth simulacrum (Spider:1)
  A tengu conjurer (D:8)
  An anaconda simulacrum (IceCv)
  9 ice devils (IceCv)
  A harpy zombie (WizLab)
  A spectral harpy (WizLab)
  4 wind drakes
  8 trolls
  15 hornets
  8 polar bears
  18 merfolk
  An alligator simulacrum (IceCv)
  A broodmother simulacrum (Spider:1)
  24 tarantellas
  2 dream sheep (Shoals:2)
  A glass eye (Depths:3)
  A merfolk (shapeshifter) (Vaults:3)
  14 blink frogs
  A tarantella (shapeshifter) (D:14)
  A frost giant simulacrum (Depths:2)
  5 snapping turtles
  A jorogumo simulacrum (Spider:1)
  79 slime creatures
  5 spriggan zombies
  An ettin skeleton (Depths:1)
  3 air elementals
  A jumping spider (shapeshifter) (Vaults:5)
  A centaur simulacrum (D:14)
  3 vampires
  A spriggan (shapeshifter) (Depths:3)
  15 jumping spiders
  18 culicivoras
  4 wraiths
  7 fire elementals
  9 water elementals
  15 spriggans
  70 yaks
  14 golden eyes
  31 redbacks
  3 wyverns
  A steam dragon (D:8)
  8 basilisks
  5 wargs
  A steam dragon (shapeshifter) (Elf:3)
  13 minotaur simulacra (IceCv)
  A redback (shapeshifter) (Vaults:5)
  4 vampire mosquitoes
  An elf skeleton (Vaults:2)
  A glowing shapeshifter zombie (Depths:2)
  2 acid dragons
  10 hell hounds
  A glowing shapeshifter skeleton (Vaults:2)
  A hydra simulacrum (IceCv)
  14 water moccasins
  17 orc warriors
  3 ice beasts
  4 black bears
  A sky beast (D:8)
  10 laughing skulls (WizLab)
  2 ettin simulacra (IceCv)
  8 boggarts
  22 centaurs
  33 ogres
  22 wolves
  5 nameless horrors
  5 kobold brigands
  9 bullfrogs
  4 gnoll sergeants
  4 deep troll simulacra (IceCv)
  3 earth elementals (Elf:1)
  3 scorpions
  14 wights
  13 killer bees
  A lindwurm simulacrum (IceCv)
  3 howler monkeys
  4 electric eels
  2 jellies
  4 hounds
  A bombardier beetle (D:7)
  13 orc priests
  17 orc wizards
  Natasha (D:2)
  2 iguanas (D:5)
  4 hell rats (Lair:5)
  A statue (D:10)
  4 adders
  23 gnolls
  4 white imps
  A ribbon worm (D:2)
  31 orcs
  An endoplasm (D:4)
  2 giant cockroaches
  2 goblins
  A hobgoblin (D:1)
  2 jackals (D:3)
  4 kobolds
  2 quokkas
  4 ball pythons
  A frilled lizard (D:1)
  An aspiring flesh (Zot:2)
  7 tentacles
2210 creatures vanquished.

Vanquished Creatures (others)
  An Orb Guardian (Zot:5)
  4 eldritch tentacles
  A ghost moth (Spider:4)
  A deep elf elementalist (Elf:1)
  A green draconian (Zot:3)
  A deep elf demonologist (Elf:3)
  A white draconian (Depths:4)
  A deep elf high priest (Vaults:5)
  A centaur warrior (Shoals:1)
  2 deep elf knights (Elf:1)
  A deep elf archer (Elf:1)
  2 deep elf pyromancers
  2 deep elf zephyrmancers
  A yaktaur (Vaults:3)
  An ice devil (IceCv)
  A snapping turtle (Shoals:4)
  2 centaurs (Shoals:1)
  A bullfrog (D:8)
  29 knights
  A sleepcap (D:8)
  7 ancestors
  19 tentacles
81 creatures vanquished.

Grand Total: 2608 creatures vanquished

Notes
Turn   | Place    | Note
-------+----------+-------------------------------------------
     0 | D:1      | ChadusMaximus the Barachi Summoner began the quest for the
                  | Orb.
     0 | D:1      | Reached XP level 1. HP: 13/13 MP: 3/3
   161 | D:1      | Reached skill level 5 in Summonings
   227 | D:1      | Reached XP level 2. HP: 20/20 MP: 5/5
   272 | D:1      | Reached skill level 1 in Fighting
   472 | D:1      | Reached XP level 3. HP: 14/26 MP: 3/6
   896 | D:1      | Learned a level 3 spell: Call Canine Familiar
   899 | D:1      | Learned a level 2 spell: Call Imp
   957 | D:2      | Noticed a nameless horror
  1079 | D:2      | Killed a nameless horror
  1594 | D:2      | Noticed Natasha
  1602 | D:2      | Killed Natasha
  1603 | D:2      | Reached XP level 4. HP: 33/33 MP: 4/8
  1652 | D:2      | Reached XP level 5. HP: 14/39 MP: 5/9
  1838 | D:2      | Noticed Natasha
  1847 | D:2      | Killed Natasha
  1998 | D:2      | Noticed Natasha
  2004 | D:2      | Killed Natasha
  2723 | D:4      | Found a glowing golden altar of the Shining One.
  2728 | D:4      | Found a glowing silver altar of Zin.
  2741 | D:4      | Learned a level 4 spell: Summon Lightning Spire
  2822 | D:4      | Reached XP level 6. HP: 45/47 MP: 4/11
  3055 | D:4      | Noticed Pikel
  3084 | D:4      | Killed Pikel
  3085 | D:4      | Reached XP level 7. HP: 49/55 MP: 1/13
  3289 | D:4      | Found a staircase to the Ecumenical Temple.
  3416 | D:4      | Reached skill level 5 in Fighting
  3416 | D:4      | Reached XP level 8. HP: 51/62 MP: 9/15
  3680 | D:4      | Reached skill level 5 in Spellcasting
  4122 | D:4      | Found a shimmering blue altar of Sif Muna.
  4186 | D:5      | Entered Level 5 of the Dungeon
  4272 | D:5      | Reached skill level 10 in Summonings
  4348 | D:5      | Reached XP level 9. HP: 44/71 MP: 10/17
  5685 | D:6      | Found a hide-covered altar of Uskayaw.
  6962 | D:7      | Noticed Jeremiah
  6964 | D:7      | Reached XP level 10. HP: 47/80 MP: 17/20
  7300 | D:7      | Killed Jeremiah
  7410 | D:7      | Found a runed translucent gate.
  7411 | D:7      | Found a runed translucent gate.
  7412 | D:7      | Found a runed translucent gate.
  7444 | D:7      | Noticed dertzug's ghost (novice AtFi)
  7692 | D:7      | Found an opulent altar of Gozag.
  8019 | Temple   | Entered the Ecumenical Temple
  8036 | Temple   | Became a worshipper of Hepliaklqana the Forgotten
  8372 | D:7      | Killed dertzug's ghost
  8821 | D:8      | Identified the ring of Kuson {rPois rF+ Slay+4}
  8841 | D:8      | Noticed a centaur warrior
  9087 | D:8      | Reached XP level 11. HP: 26/90 MP: 15/23
  9993 | D:8      | Reached skill level 10 in Fighting
 10863 | D:9      | Reached skill level 1 in Shields
 11895 | D:10     | Entered Level 10 of the Dungeon
 12312 | D:10     | Reached * piety under Hepliaklqana
 12570 | D:10     | Reached skill level 5 in Shields
 12698 | D:10     | HP: 3/82 [orc priest/divine providence (15)]
 12986 | D:10     | Found a snail-covered altar of Cheibriados.
 13412 | D:10     | Found a radiant altar of Vehumet.
 13688 | D:8      | Noticed a boulder beetle
 13692 | D:8      | Noticed a two-headed ogre
 13712 | D:8      | Killed a boulder beetle
 13713 | D:8      | Reached skill level 5 in Dodging
 13799 | D:8      | Noticed a boulder beetle
 13837 | D:8      | Killed a boulder beetle
 13838 | D:8      | Reached skill level 15 in Summonings
 13838 | D:8      | Reached XP level 12. HP: 37/90 MP: 24/24
 13879 | D:8      | Killed a two-headed ogre
 13907 | D:8      | Noticed a boulder beetle
 13968 | D:8      | Killed a boulder beetle
 14050 | D:8      | Killed a centaur warrior
 15039 | D:11     | Learned a level 7 spell: Monstrous Menagerie
 15142 | D:11     | Found a staircase to the Orcish Mines.
 15174 | D:11     | Identified the +2 war axe "Taazuh" {drain, Fly Int-2 Dex+2
                  | Stlth+}
 15199 | D:11     | Noticed a two-headed ogre
 15209 | D:11     | Killed a two-headed ogre
 15333 | D:11     | Reached ** piety under Hepliaklqana
 15545 | D:11     | Noticed Nergalle
 15554 | D:11     | Killed Nergalle
 15555 | D:11     | Reached skill level 10 in Spellcasting
 15590 | D:11     | Found a staircase to the Lair.
 15952 | D:11     | You fall into a shaft and drop 3 floors!
 15962 | D:14     | Learned a level 8 spell: Summon Horrible Things
 15964 | D:14     | Noticed a two-headed ogre
 15966 | D:14     | Noticed a deep elf knight
 15967 | D:14     | Noticed an ogre mage
 16153 | D:13     | Noticed Rupert
 16200 | D:14     | Gained mutation: You can hop long distances. [Barachi
                  | growth]
 16200 | D:14     | Reached XP level 13. HP: 95/95 MP: 11/27
 17557 | D:13     | Killed Rupert
 17578 | D:13     | Found Okiwn's Book Shop.
 17632 | D:13     | Bought a book of Decay for 480 gold pieces
 18021 | D:12     | Remembered your ancestor Æðelind as a knight
 18263 | D:12     | Found a broken altar of Ashenzari.
 18264 | D:12     | Identified a scroll of acquirement
 18442 | D:12     | Reached *** piety under Hepliaklqana
 19117 | D:11     | Found a transporter.
 19190 | D:11     | HP: 4/95 [poisoned by a green ugly thing]
 19693 | Lair:1   | Entered Level 1 of the Lair of Beasts
 19728 | Lair:1   | Reached XP level 14. HP: 79/101 MP: 15/30
 20010 | Lair:1   | Noticed Sonja
 20023 | Lair:1   | Killed Sonja
 21033 | Lair:1   | Learned a level 4 spell: Martyr's Knell
 21161 | Lair:2   | Reached **** piety under Hepliaklqana
 22173 | Lair:3   | Learned a level 3 spell: Summon Ice Beast
 22828 | Lair:3   | Found a staircase to the Shoals.
 23226 | Lair:3   | Found a hole to the Spider Nest.
 23944 | Lair:4   | Reached XP level 15. HP: 107/107 MP: 6/32
 24012 | Lair:4   | Reached ***** piety under Hepliaklqana
 24855 | Lair:5   | Entered Level 5 of the Lair of Beasts
 25700 | Lair:5   | Identified the +3 whip of Xom's Displeasure {chaos, rCorr}
 26595 | Lair:5   | Found a viscous altar of Jiyva.
 26595 | Lair:5   | Found a staircase to the Slime Pits.
 27361 | Orc:1    | Entered Level 1 of the Orcish Mines
 27365 | Orc:1    | Noticed Jorgrun
 27374 | Orc:1    | Killed Jorgrun
 27391 | Orc:1    | Found a dark tunnel.
 27391 | Orc:1    | Noticed Erolcha
 27395 | Volcano  | Entered a volcano
 27901 | Volcano  | Reached XP level 16. HP: 72/116 MP: 22/34
 28119 | Orc:1    | Killed Erolcha
 28900 | Orc:2    | Entered Level 2 of the Orcish Mines
 29029 | Orc:2    | Found a staircase to the Elven Halls.
 29331 | Orc:2    | Found Deisy's Distillery.
 29331 | Orc:2    | Found Nigea's Magic Scroll Shoppe.
 29332 | Orc:2    | Found Miporr's Magic Scroll Shoppe.
 29332 | Orc:2    | Found Xuoxkeaz's General Store.
 29340 | Orc:2    | Bought a potion of heal wounds for 75 gold pieces
 29340 | Orc:2    | Bought a potion of heal wounds for 75 gold pieces
 29340 | Orc:2    | Bought a potion of curing for 45 gold pieces
 29340 | Orc:2    | Bought a potion of curing for 45 gold pieces
 29346 | Orc:2    | Bought a scroll of blinking for 120 gold pieces
 29346 | Orc:2    | Bought a scroll of teleportation for 48 gold pieces
 29346 | Orc:2    | Bought a scroll of identify for 32 gold pieces
 29346 | Orc:2    | Bought a scroll of identify for 32 gold pieces
 29346 | Orc:2    | Bought a scroll of identify for 32 gold pieces
 29361 | Orc:2    | Bought a scroll of teleportation for 42 gold pieces
 29361 | Orc:2    | Bought a potion of heal wounds for 70 gold pieces
 29363 | Orc:2    | Bought a scroll of enchant armour for 97 gold pieces
 29363 | Orc:2    | Bought a scroll of identify for 26 gold pieces
 29363 | Orc:2    | Bought a scroll of identify for 26 gold pieces
 29363 | Orc:2    | Bought a scroll of identify for 26 gold pieces
 29367 | Orc:2    | Reached skill level 15 in Fighting
 29367 | Orc:2    | Reached XP level 17. HP: 127/127 MP: 35/35
 29368 | Orc:2    | Reached skill level 10 in Shields
 29368 | Orc:2    | Reached XP level 18. HP: 135/135 MP: 36/36
 30736 | D:13     | Noticed Urug
 30766 | D:13     | Killed Urug
 30852 | D:13     | Noticed a lich
 30853 | D:13     | Found a runed translucent gate.
 30853 | D:13     | Found a runed translucent gate.
 30853 | D:13     | Found an ancient bone altar of Kikubaaqudgha.
 30853 | D:13     | Found a runed translucent gate.
 30853 | D:13     | Noticed a lich
 30853 | D:13     | Noticed Sheol's ghost (journeyman MiBe)
 30853 | D:13     | Noticed a lich
 30853 | D:13     | Noticed a lich
 31225 | D:14     | Found a gate to the Vaults.
 31854 | D:15     | Entered Level 15 of the Dungeon
 31874 | D:15     | Reached skill level 10 in Dodging
 32590 | D:15     | Found a staircase to the Depths.
 33104 | D:15     | Found a sparkling altar of Nemelex Xobeh.
 33409 | Spider:1 | Entered Level 1 of the Spider Nest
 33417 | Spider:1 | Found a glacial archway.
 33427 | IceCv    | Entered an ice cave
 34315 | IceCv    | Reached XP level 19. HP: 144/144 MP: 31/37
 34462 | IceCv    | Reached ****** piety under Hepliaklqana
 36084 | Spider:1 | Identified the ring of the Floral God {Ice rN++ Int-2}
 36104 | Spider:1 | Found a runed translucent gate.
 36126 | Spider:1 | Found a runed translucent gate.
 36126 | Spider:1 | Found a runed translucent gate.
 36880 | Spider:1 | Noticed MasterdooM's ghost (journeyman MiBe)
 37096 | Spider:1 | Killed MasterdooM's ghost
 37212 | Spider:2 | Noticed Louise
 37220 | Spider:2 | Killed Louise
 37365 | Spider:2 | Identified the serpent talisman of Leaves {+Blink rElec
                  | SInv}
 37365 | Spider:2 | Noticed Aizul
 37373 | Spider:2 | Killed Aizul
 38053 | Spider:3 | Identified the +4 falchion of Kismet {heavy, *Corrode rElec
                  | Str+9 Int+2}
 38442 | Spider:3 | Noticed Arachne
 38459 | Spider:3 | Killed Arachne
 39211 | Spider:4 | Entered Level 4 of the Spider Nest
 39974 | Spider:4 | Reached XP level 20. HP: 148/158 MP: 28/38
 40036 | Spider:4 | Noticed Bai Suzhen
 40046 | Spider:4 | Killed Bai Suzhen
 41021 | Spider:4 | Found a runed translucent door.
 41025 | Spider:4 | Noticed snadeaben's ghost (adept MiFi)
 41218 | Spider:4 | Found the +3 pair of seven-league boots {Rampage+∞}
 41223 | Spider:4 | Got a gossamer rune of Zot
 41504 | Spider:4 | Killed snadeaben's ghost
 41722 | Shoals:1 | Entered Level 1 of the Shoals
 42490 | Shoals:2 | Noticed Ilsuiw
 42498 | Shoals:2 | Reached skill level 15 in Spellcasting
 42501 | Shoals:2 | Killed Ilsuiw
 43017 | Shoals:2 | Found Vyddinit's Distillery.
 43059 | Shoals:2 | Bought a potion of heal wounds for 55 gold pieces
 43059 | Shoals:2 | Bought a potion of brilliance for 44 gold pieces
 43059 | Shoals:2 | Bought a potion of heal wounds for 55 gold pieces
 43059 | Shoals:2 | Bought a potion of curing for 33 gold pieces
 43690 | Shoals:3 | Found Rorur's Antique Armour Shop.
 44673 | Shoals:4 | Entered Level 4 of the Shoals
 44823 | Shoals:4 | Identified the ring of Pasyuch {rN+ Will+ Int+4}
 45084 | Shoals:4 | Identified the +4 pair of boots "Kootsi Filoe" {Dex+4}
 45619 | Shoals:4 | Reached XP level 21. HP: 143/165 MP: 12/40
 45686 | Shoals:4 | Got a barnacled rune of Zot
 45707 | Shoals:4 | Got Veram's Disquisition on Production
 46634 | Elf:1    | Entered Level 1 of the Elven Halls
 46638 | Elf:1    | Found a transporter.
 46677 | Elf:1    | Found a transporter.
 47781 | Elf:1    | Found a radiant altar of Vehumet.
 47800 | Elf:1    | Paralysed by an air elemental for 1 turns
 47804 | Elf:1    | Paralysed by an air elemental for 1 turns
 47809 | Elf:1    | Paralysed by an air elemental for 1 turns
 48059 | Elf:1    | Reached skill level 27 in Summonings
 48258 | Elf:1    | Noticed Frances
 48273 | Elf:1    | Killed Frances
 48380 | Elf:1    | Noticed Roxanne
 48396 | Elf:1    | Killed Roxanne
 48507 | Elf:1    | Found a transporter.
 48547 | Elf:1    | Found a transporter.
 48580 | Elf:1    | Found Qapaphu's Book Shop.
 48870 | Elf:1    | Bought a book of the Dragon for 630 gold pieces
 48884 | Elf:1    | Learned a level 9 spell: Dragon's Call
 48891 | Elf:1    | Learned a level 6 spell: Summon Cactus Giant
 48899 | Elf:1    | Learned a level 7 spell: Summon Hydra
 49043 | Elf:1    | Paralysed by an air elemental for 1 turns
 49250 | Elf:1    | Found a transporter.
 49251 | Elf:1    | Found a transporter.
 49617 | Vaults:1 | Entered Level 1 of the Vaults
 50200 | Vaults:1 | Reached XP level 22. HP: 172/172 MP: 31/44
 50844 | Vaults:1 | Found a runed translucent gate.
 50844 | Vaults:1 | Found a runed translucent gate.
 50844 | Vaults:1 | Found a runed translucent gate.
 50844 | Vaults:1 | Noticed Kare Xaoge's ghost (adept DgSh)
 51166 | Vaults:1 | Killed Kare Xaoge's ghost
 51217 | Vaults:1 | Identified the +0 cloak of Gaorph {-Cast rElec Will+ SInv}
 51218 | Vaults:1 | Identified the +1 hat of Noon {Harm rPois rN+}
 51363 | D:13     | Killed Sheol's ghost
 51411 | D:13     | Identified the +2 pair of gloves of the Yeti {rPois rN++
                  | Str+3}
 51422 | D:13     | Identified the ring "Esoycwab" {Wiz rElec Str+3}
 52592 | Vaults:2 | Found a staircase to the Crypt.
 53624 | Vaults:3 | Found a magical portal.
 53629 | WizLab   | Entered Borgnjor's Mausoleum
 53670 | WizLab   | Reached skill level 1 in Invocations
 54027 | WizLab   | Got Borgnjor's Codex of Misery
 54525 | Vaults:3 | Reached XP level 23. HP: 178/178 MP: 43/48
 55306 | Vaults:3 | Noticed a golden dragon
 55312 | Vaults:3 | Killed a golden dragon
 57530 | Vaults:4 | Identified the +6 great sword of Yfapt {venom, *Rage rPois
                  | rN+ SInv}
 57706 | Vaults:4 | Gained mutation: You have sharp toenails. [potion of
                  | mutation]
 57706 | Vaults:4 | Gained mutation: You are frail. (-10% HP) [potion of
                  | mutation]
 57706 | Vaults:4 | Gained mutation: You are partially covered in iridescent
                  | scales. (AC +2) [potion of mutation]
 57707 | Vaults:4 | Lost mutation: You are partially covered in iridescent
                  | scales. (AC +2) [potion of mutation]
 57707 | Vaults:4 | Lost mutation: You have sharp toenails. [potion of
                  | mutation]
 57707 | Vaults:4 | Lost mutation: You are frail. (-10% HP) [potion of
                  | mutation]
 57707 | Vaults:4 | Gained mutation: You have an increased reservoir of magic.
                  | (+10% MP) [potion of mutation]
 58067 | Slime:1  | Entered Level 1 of the Pits of Slime
 58070 | Slime:1  | Gained mutation: You occasionally shout uncontrollably at
                  | your foes. [a shining eye]
 58786 | Slime:3  | Found a viscous altar of Jiyva.
 59129 | Slime:2  | Reached XP level 24. HP: 184/184 MP: 32/56
 59137 | Slime:2  | Gained mutation: You sometimes lose your temper in combat.
                  | [a shining eye]
 59141 | Slime:2  | Gained mutation: You frequently scream uncontrollably at
                  | your foes. [a shining eye]
 59147 | Slime:2  | Gained mutation: You have hidden genetic potential. [a
                  | shining eye]
 59332 | Slime:4  | Noticed Dissolution
 59363 | Slime:4  | Killed Dissolution
 59665 | Slime:5  | Entered Level 5 of the Pits of Slime
 59940 | Slime:5  | Noticed the Royal Jelly
 60027 | Slime:4  | Lost mutation: You have an increased reservoir of magic.
                  | (+10% MP) [a shining eye]
 61172 | Slime:5  | Found a viscous altar of Jiyva.
 61395 | Slime:5  | Killed the Royal Jelly
 61396 | Slime:5  | Reached skill level 5 in Invocations
 61528 | Slime:5  | Got Sif Muna's Atlas of the True Pharaoh
 61531 | Slime:5  | Identified the ring "Enuemn" {rF+ rC- Will+ Str+3 Dex+4}
 61551 | Slime:5  | Got a slimy rune of Zot
 61648 | Slime:5  | Identified the staff of the Hierophant {Fly rN+ Necro}
 61675 | Slime:5  | Identified the ring "Enwyedd" {Fly rElec Str-4 Int+5}
 61677 | Slime:5  | Identified the ring of Undoing {Will+ Str+6}
 61708 | Slime:5  | Learned a level 7 spell: Malign Gateway
 61710 | Slime:5  | Identified the +8 falchion "Sarcophage" {freeze, rPois}
 61791 | Slime:5  | Identified the ring "Zudeocy" {rF+ Str+6}
 61927 | Slime:5  | Gained mutation: Your magical capacity is low. (-10% MP) [a
                  | shining eye]
 62040 | Slime:5  | Identified the +7 orcbow of Goonio {freeze, rPois rC++ MP-9
                  | Stlth+}
 62723 | Elf:2    | Paralysed by an air elemental for 1 turns
 62726 | Elf:2    | Paralysed by an air elemental for 1 turns
 62868 | Elf:2    | Found a runed translucent gate.
 62869 | Elf:2    | Found a runed translucent gate.
 62869 | Elf:2    | Found a runed translucent gate.
 64195 | Elf:3    | Entered Level 3 of the Elven Halls
 64507 | Elf:3    | Found Evauxzog's Assorted Antiques.
 64508 | Elf:3    | Found Xymnidesk's Book Shop.
 64508 | Elf:3    | Found Byust's General Store.
 64521 | Elf:3    | Found Wyduj's Armour Shop.
 64586 | Elf:3    | Bought a potion of curing for 117 gold pieces
 64728 | Elf:3    | Reached skill level 27 in Spellcasting
 65220 | Elf:3    | Reached XP level 25. HP: 181/190 MP: 40/48
 65493 | Elf:3    | Gained mutation: Your mind is acute. (Int +4, Str/Dex -1)
                  | [hidden potential]
 65700 | Elf:3    | Identified the amulet "Zasonno" {rF+ rC+ Regen+}
 65706 | Elf:3    | Identified the amulet of Boasoh {Reflect rF- rC+ Will-
                  | Dex+7 SH+5}
 65845 | Elf:3    | Identified the staff of Olidon {rN+ Will+ Necro Earth}
 65894 | Elf:3    | Got the Codex of Arcane Weapons
 65904 | Elf:3    | Identified the +4 sling of Qycaa {drain, Str+8 Int-3 Dex-2}
 65911 | Elf:3    | Identified the +3 short sword of Vilodyg {drain, Int+3}
 66090 | Elf:3    | Lost mutation: Your mind is acute. (Int +4, Str/Dex -1)
                  | [potion of mutation]
 66090 | Elf:3    | Lost mutation: You sometimes lose your temper in combat.
                  | [potion of mutation]
 66090 | Elf:3    | Lost mutation: Your magical capacity is low. (-10% MP)
                  | [potion of mutation]
 66090 | Elf:3    | Gained mutation: You are agile. (Dex +4, Str/Int -1)
                  | [potion of mutation]
 66090 | Elf:3    | Gained mutation: Your magical capacity is low. (-10% MP)
                  | [potion of mutation]
 66090 | Elf:3    | Gained mutation: You are very agile. (Dex +8, Str/Int -2)
                  | [potion of mutation]
 66091 | Elf:3    | Lost mutation: Your magical capacity is low. (-10% MP)
                  | [potion of mutation]
 66091 | Elf:3    | Lost mutation: You are very agile. (Dex +8, Str/Int -2)
                  | [potion of mutation]
 66091 | Elf:3    | Gained mutation: You passively map a small area around you.
                  | [potion of mutation]
 66091 | Elf:3    | Gained mutation: Your mind is acute. (Int +4, Str/Dex -1)
                  | [potion of mutation]
 66413 | Depths:1 | Entered Level 1 of the Depths
 66427 | Depths:1 | Noticed Boris
 66436 | Depths:1 | Killed Boris
 67309 | Depths:1 | Found a gateway to Hell.
 67417 | Depths:1 | Found a runed translucent door.
 68277 | Depths:2 | Found a one-way gateway to a ziggurat.
 68721 | Depths:2 | Noticed a juggernaut
 68728 | Depths:2 | Killed a juggernaut
 68776 | Depths:2 | Noticed a juggernaut
 68787 | Depths:2 | Killed a juggernaut
 68813 | Depths:2 | Noticed a dread lich
 68813 | Depths:2 | Noticed a dread lich
 68813 | Depths:2 | Noticed a juggernaut
 68815 | Depths:2 | Paralysed by something for 4 turns
 68824 | Depths:2 | Paralysed by something for 2 turns
 68841 | Depths:2 | Killed a dread lich
 68842 | Depths:2 | Reached skill level 10 in Invocations
 68964 | Depths:2 | Noticed Boris
 69343 | Depths:2 | Killed a dread lich
 69358 | Depths:2 | Noticed a juggernaut
 69368 | Depths:2 | Killed a juggernaut
 69459 | Depths:2 | Killed a juggernaut
 69499 | Depths:2 | Identified the +10 longbow of Flawed Execution {speed,
                  | rCorr}
 69502 | Depths:2 | Found a faded altar of an unknown god.
 69592 | Depths:2 | Identified the +8 dire flail "Nirioboih" {heavy, *Noise
                  | rPois rC+}
 69599 | Depths:2 | Reached XP level 26. HP: 205/205 MP: 54/54
 69633 | Depths:2 | Killed Boris
 69869 | Depths:2 | Found a one-way gate leading to the halls of Pandemonium.
 70467 | Depths:3 | Got the Encyclopedia of the Fairies
 70840 | Depths:3 | Noticed a juggernaut
 71678 | Depths:3 | Found a one-way gate to the infinite horrors of the Abyss.
 71959 | Depths:3 | Killed a juggernaut
 72744 | Vaults:5 | Entered Level 5 of the Vaults
 73443 | Vaults:5 | Identified the +4 rapier "Mazxonik" {flame, ^Contam rN+
                  | rCorr}
 73483 | Vaults:5 | Identified the +5 scale mail "Piucoep" {Str+2}
 73509 | Vaults:5 | Identified the +5 orcbow of the Magi {speed, Int+3}
 73958 | Vaults:5 | Identified the +6 falchion of Noakhisch {freeze, Int+5}
 73963 | Vaults:5 | Noticed a dread lich
 73976 | Vaults:5 | Reached XP level 27. HP: 182/222 MP: 10/54
 73982 | Vaults:5 | Killed a dread lich
 73983 | Vaults:5 | Reached skill level 27 in Fighting
 73992 | Vaults:5 | Gained mutation: You passively dampen the noise of your
                  | surroundings. [hidden potential]
 73992 | Vaults:5 | Lost mutation: You have hidden genetic potential. [hidden
                  | potential expressed]
 74187 | Vaults:5 | Identified the +3 plate armour "Yrpheol Hewk" {-Cast rF+++
                  | rCorr Str+8}
 74253 | Vaults:5 | Noticed a dread lich
 74270 | Vaults:5 | Killed a dread lich
 74413 | Vaults:5 | Identified the amulet "Tenal" {Spirit Will+ Dex-3 Slay+3}
 74479 | Vaults:5 | Identified the +3 short sword of Crystal {flame, rPois
                  | rC+++ Stlth-}
 75019 | Vaults:5 | Identified the +0 acid dragon scales of Courage {rC- rCorr
                  | Str+6 SInv}
 75059 | Vaults:5 | Reached skill level 15 in Dodging
 75165 | Vaults:5 | Got a silver rune of Zot
 75685 | Vaults:5 | Acquired the +1 pair of boots "Ypean" {Will++}
 75986 | D:13     | Bought a manual of Long Blades for 960 gold pieces
 76104 | Crypt:1  | Entered Level 1 of the Crypt
 76580 | Depths:4 | Entered Level 4 of the Depths
 77034 | Depths:4 | Found a sacrificial altar of Ru.
 77075 | Depths:4 | Reached skill level 5 in Long Blades
 77206 | Depths:4 | Found a gate to the Realm of Zot.
 77390 | Depths:4 | Reached skill level 10 in Long Blades
 77520 | Depths:4 | Found Jasom's Jewellery Emporium.
 77986 | Zot:1    | Entered Level 1 of the Realm of Zot
 78426 | Zot:1    | Reached skill level 15 in Long Blades
 79728 | Zot:2    | Noticed an orb of fire
 79729 | Zot:2    | Noticed an orb of fire
 79729 | Zot:2    | Lost mutation: Your mind is acute. (Int +4, Str/Dex -1) [an
                  | orb of fire]
 79730 | Zot:2    | Gained mutation: Your magical capacity is low. (-10% MP)
                  | [an orb of fire]
 79745 | Zot:2    | Killed an orb of fire
 79760 | Zot:2    | Killed an orb of fire
 82606 | Zot:3    | Identified the +2 cloak of Ru's Scorn {rF- rC+ rCorr Str+2}
 83216 | Zot:4    | Found a runed translucent gate.
 83216 | Zot:4    | Found a runed translucent gate.
 83216 | Zot:4    | Found a runed translucent gate.
 83251 | Zot:4    | Noticed Icycared's ghost (master GrFi)
 84696 | Zot:4    | Killed Icycared's ghost
 84735 | Zot:5    | Entered Level 5 of the Realm of Zot
 86564 | Zot:5    | Noticed an ancient lich
 86571 | Zot:5    | Killed an ancient lich
 86655 | Zot:5    | Noticed an orb of fire
 86660 | Zot:5    | Noticed an orb of fire
 86663 | Zot:5    | Noticed an orb of fire
 86673 | Zot:5    | Gained mutation: You are vulnerable to heat. (rF-) [an orb
                  | of fire]
 86675 | Zot:5    | Gained mutation: You occasionally lose the ability to drink
                  | potions when taking damage. [an orb of fire]
 86689 | Zot:4    | Gained mutation: You are frail. (-10% HP) [an orb of fire]
 86693 | Zot:4    | Killed an orb of fire
 87049 | Zot:5    | Gained mutation: Your flesh is cold resistant. (rC+) [an
                  | orb of fire]
 87060 | Zot:5    | Gained mutation: You do not regenerate when monsters are
                  | visible. [an orb of fire]
 87459 | Zot:5    | Killed an orb of fire
 87771 | Zot:5    | Noticed a dread lich
 87783 | Zot:5    | Killed a dread lich
 88150 | Zot:5    | Gained mutation: You sometimes lose the ability to drink
                  | potions when taking damage. [an orb of fire]
 88154 | Zot:5    | Killed an orb of fire
 89689 | Zot:5    | Identified the +1 leather armour of the Meager God {rC+
                  | Int+2 Dex+2 Slay-4}
 90417 | Zot:5    | Noticed an orb of fire
 90435 | Zot:5    | Killed an orb of fire
 90437 | Zot:5    | Noticed an orb of fire
 90445 | Zot:5    | Noticed a dread lich
 90455 | Zot:5    | Killed an orb of fire
 90457 | Zot:5    | Killed a dread lich
 90608 | Zot:5    | Noticed an orb of fire
 90616 | Zot:5    | Killed an orb of fire
 90748 | Zot:5    | Got the Orb of Zot
 90804 | Zot:5    | Noticed Fisis the pandemonium lord
 91584 | D:$      | Escaped with the Orb!

Illustrated notes

Levels and vault maps discovered:
D:1:      minmay_arrival_nine_rooms, layout_loops_ring, minmay_tetromino_s2
D:2:      layout_basic, minmay_strange_pillars, uniq_natasha
D:3:      layout_basic
D:4:      layout_loops_corners, lemuel_blue_sif_altar,
          grunt_temple_overflow_open, minmay_temple_entry_glassed_door,
          uniq_pikel
D:5:      nicolae_cairo_tiling_large_dashed, layout_loops_corners,
          gup_sewer_entry_glass, kennysheep_path_1, wad_floor_pattern_untrapped
D:6:      layout_layer_cave, nicolae_uskayaw_suspiria, nicolae_lava_and_water,
          nicolae_half_adder
D:7:      layout_cave_pools, mainiacjoe_overflow_surrounded_room,
          gammafunk_ghost_icy, uniq_jeremiah
D:8:      minmay_the_grid_octo_tiled_squarecenter [minmay_the_grid_octo_clover,
          minmay_the_grid_octo_odd_swirl, minmay_the_grid_octo_thin_diamonds,
          minmay_the_grid_octo_77,
          minmay_the_grid_square_5x5_megaprize_checkered,
          minmay_the_grid_square_5x5_corner, minmay_the_grid_square_5x5_inset,
          minmay_the_grid_square_5x5_inverted_slash,
          minmay_the_grid_square_5x5_slash], layout_basic, minmay_diced_spiral
D:9:      layout_loops_cross
D:10:     layout_basic, vehumet_statue, mainiacjoe_overflow_chevrons,
          minmay_fractal_squares_gapless_5
D:11:     layout_roguey, lair_entry_dummy, orc_david_3, nicolae_diode_basic,
          uniq_nergalle
D:12:     layout_roguey, nicolae_ashenzari_skybound
D:13:     layout_basic, gammafunk_ghost_crypt, serial_shops,
          nicolae_shop_pleasant_corner_grove, uniq_urug, uniq_rupert
D:14:     layout_basic, hangedman_vaults_entry_quadrant_bands
D:15:     grunt_enter_depths_hoard, layout_rooms, chequers_serial_rivers_marsh,
          nemelex_spade_bored_becter
Temple:   regret_index_temple_generic_petals
Lair:1:   layout_cave_pods, serial_bayou_lagoon_a, grunt_megastairs_3,
          uniq_sonja
Lair:2:   layout_gridlike
Lair:3:   layout_cellular_growth, minmay_shoals_entry_beasts,
          nicolae_spider_entry_lesser_pyramids, pdpol_lair_cavern_descent
Lair:4:   layout_gridlike, grunt_megastairs_4
Lair:5:   minmay_lair_end_enchanted_forest, layout_long_grid, slime_entry_1,
          hibernation_bobbens
Shoals:1: layout_shoals, centaur_isle
Shoals:2: layout_shoals, serial_shops, shop_statue, uniq_ilsuiw
Shoals:3: layout_shoals, serial_shops, shop
Shoals:4: shoals_end_simple, layout_shoals, nzn_prometheus_bound
Spider:1: layout_spider_delve, portal_ice_cave_entry_pillars_four,
          gammafunk_ghost_necromancy, drop_trap, nicolae_spider_rock_and_or_roll
Spider:2: layout_spider_delve, uniq_louise, uniq_aizul
Spider:3: layout_chambers, uniq_arachne
Spider:4: grunt_spider_rune_island, ebering_ghost_inner_flame,
          hellmonk_narrow_tunnel, uniq_bai_suzhen
Slime:1:  layout_caves
Slime:2:  layout_caves
Slime:3:  layout_caves, basic_altar
Slime:4:  cheibrodos_slime_lost_civilization_1, layout_caves, dissolution_awaits
Slime:5:  slime_pit_nicolae_trefoil
Orc:1:    layout_caves, nicolae_volcano_entry_lava_flow, elf_legates,
          uniq_jorgrun, uniq_erolcha
Orc:2:    st_orc_ogre_mass, layout_caves
Elf:1:    hangedman_cross_veins, layout_geoelf_grid, basic_altar, serial_shops,
          shop, hangedman_elven_crosses_minicolossus, columned_hall_lemuel,
          serial_nicolae_subway, nicolae_sub_station_crystal,
          nicolae_sub_station_metal, nicolae_sub_station_stone, uniq_frances,
          uniq_roxanne
Elf:2:    nicolae_elf_blades_crystal_corner, layout_geoelf_diagonals
Elf:3:    minmay_elf_hall_quartered_circle, layout_geoelf_octagon,
          minmay_shoptagon
Vaults:1: gammafunk_ghost_tricky_traps, nicolae_vaults_little_squares_3,
          vaults_room_fancy_cross, nicolae_vaults_little_squares_6,
          ontoclasm_vaults_spin, nicolae_vaults_apartment_1,
          nicolae_vaults_security_offices_1, nicolae_vaults_two_Ls,
          nicolae_vaults_ring_of_whatevers, layout_vaults_big_room
Vaults:2: nicolae_vaults_oval_intersection, minmay_crypt_entry_skeletal_spiral,
          nicolae_vaults_network_periphery, v_misc_14, ontoclasm_vaults_chip,
          nicolae_vaults_little_squares_1, vaults_room_fours,
          nicolae_vaults_lightning_bolt, ontoclasm_vaults_decontamination,
          v_misc_12, v_misc_30, layout_vaults_omnicross
Vaults:3: mu_enter_wizlab_1, vaults_room_door_ring,
          nicolae_vaults_shipping_containers_7, v_rooms_4,
          nicolae_vaults_tetromino_Z_2, v_misc_29, v_misc_12,
          grunt_vaults_swirl, hangedman_vaults_nails,
          nicolae_vaults_variable_pillar_hall, hangedman_vaults_stagger,
          nicolae_vaults_trapezoid_3, grunt_vaults_hallway_long,
          nicolae_vaults_double_plus_1, layout_vaults_ring
Vaults:4: nicolae_vaults_little_squares_6, nicolae_vaults_angled_halls,
          v_misc_31, nicolae_vaults_trapezoid_lopsided_1, v_pattern_2,
          nicolae_vaults_tetromino_Z_1, vaults_room_corners, v_misc_23,
          nicolae_vaults_diamond_1, nicolae_vaults_weapon_check,
          layout_vaults_quadrants
Vaults:5: serial_shops
Crypt:1:  layout_misc_corridors, lemuel_upstairs_altar, uniq_vv
Depths:1: layout_forbidden_donut, hellmouth_2, nicolae_the_louvre,
          lightli_giant_bouncers, uniq_boris
Depths:2: regret_index_infernal_bastille, layout_basic, enter_ziggurat_b,
          grunt_decor_clamped, rand_demon_pan_entry_4, hell_entry,
          minmay_misc_feat_encased, hangedman_abyss_or_decor_clamps
Depths:3: grunt_runaround [grunt_runaround_loot, grunt_runaround_doors_1,
          grunt_runaround_doors_2, grunt_runaround_doors_3,
          grunt_runaround_doors_4], hell_entry, abyss_entry
Depths:4: grunt_zot_entry_alcove, layout_cave_shapes, grunt_hell_entry_dis_mu,
          hangedman_ru_absence, grunt_megastairs_5, minmay_shop_star
Zot:1:    layout_misc_corridors, regret_index_zotdec_plus, zot_minivault_1
Zot:2:    layout_onion_interference, hangedman_zot_decor_tridents,
          lemuel_lake_of_fire, grunt_megastairs_1
Zot:3:    layout_basic
Zot:4:    layout_basic, gammafunk_ghost_ooze, grunt_ministairs_3
Zot:5:    layout_basic

Skill      XL: |  1  2  3  4  5  6  7  8  9 10 11 12 13 14 15 16 17 18 19 20 21 22 23 24 25 26 27 |
---------------+----------------------------------------------------------------------------------+-----
Summonings     | 5 6 8 10 12 14 15 17 19 22 23 25 27 | 27.0
Fighting       | 1 2 3 4 5 6 8 9 11 12 15 17 20 23 26 27 | 27.0
Spellcasting   | 3 4 5 7 8 10 12 13 14 15 18 21 24 27 | 27.0
Shields        | 6 7 9 10 11 13 | 13.4
Dodging        | 5 6 8 9 10 12 26 | 26.6
Invocations    | 3 5 10 13 | 13.4
Long Blades    | 17 | 17.0
Stealth        | |  1.7

Action                     |  1- 3 |  4- 6 |  7- 9 | 10-12 | 13-15 | 16-18 | 19-21 | 22-24 | 25-27 || total
---------------------------+-------+-------+-------+-------+-------+-------+-------+-------+-------++-------
  Melee: Dagger            |    29 |     5 |       |       |       |       |       |       |       ||    34
         Unarmed           |     3 |       |       |       |       |       |       |       |       ||     3
         Short sword       |    80 |       |       |       |       |       |       |       |       ||    80
         Punch             |     2 |     1 |     1 |       |       |       |       |       |       ||     4
         Spear             |       |    69 |   121 |       |       |       |       |       |       ||   190
         Hand axe          |       |       |    51 |   200 |   227 |    47 |   279 |   254 |       ||  1058
         Falchion          |       |       |       |       |       |       |       |    71 |   784 ||   855
   Cast: Summon Small Mamm |    13 |    11 |    16 |    34 |       |       |       |       |       ||    74
         Call Imp          |     5 |     7 |    15 |    54 |     8 |       |     1 |       |       ||    90
         Call Canine Famil |     4 |     4 |    15 |    84 |    11 |     5 |     5 |     3 |    10 ||   141
         Summon Lightning  |       |       |     8 |    59 |    41 |     9 |    44 |    19 |    48 ||   228
         Monstrous Menager |       |       |       |    20 |   116 |    56 |   253 |    90 |     9 ||   544
         Summon Horrible T |       |       |       |       |    32 |    21 |    64 |   104 |   197 ||   418
         Martyr's Knell    |       |       |       |       |     4 |    11 |    13 |    10 |    10 ||    48
         Summon Ice Beast  |       |       |       |       |     4 |     5 |     6 |     8 |     6 ||    29
         Summon Cactus Gia |       |       |       |       |       |       |     1 |    18 |    26 ||    45
         Dragon's Call     |       |       |       |       |       |       |     1 |    10 |    36 ||    47
         Summon Hydra      |       |       |       |       |       |       |       |     3 |       ||     3
         Malign Gateway    |       |       |       |       |       |       |       |     1 |     6 ||     7
 Invoke: Recall Ancestor   |       |       |       |       |     2 |       |     2 |     3 |     6 ||    13
         Ancestor Life: Kn |       |       |       |       |     1 |       |       |       |       ||     1
         Idealise          |       |       |       |       |       |       |       |     6 |    18 ||    24
Ability: Hop               |     1 |       |     1 |     6 |     8 |     2 |     4 |     5 |    13 ||    40
    Use: Scroll            |       |       |     9 |     6 |     4 |    14 |    10 |     2 |    20 ||    65
         Potion            |       |       |       |       |     2 |     2 |     2 |     4 |    23 ||    33
   Stab: Sleeping          |     4 |     4 |     2 |       |       |       |       |     1 |     1 ||    12
         Distracted        |     1 |       |     1 |     1 |     5 |       |     6 |     6 |    29 ||    49
         Paralysed         |       |       |       |       |       |       |     2 |     1 |       ||     3
         Confused          |       |       |       |       |       |       |     1 |       |       ||     1
 Armour: Robe              |    88 |    49 |   141 |    12 |       |       |       |       |       ||   290
         Leather armour    |       |       |       |   278 |   349 |       |       |       |       ||   627
         Ring mail         |       |       |       |       |       |   115 |   573 |   363 |   972 ||  2023
  Dodge: Dodged            |   107 |    49 |   102 |   209 |   264 |    42 |   308 |   288 |   756 ||  2125
         Repelled          |       |       |       |       |       |       |    14 |    17 |    56 ||    87
  Block: Buckler           |       |       |    27 |    57 |   157 |    46 |   299 |   224 |   480 ||  1290
